 Dungeon Crawl Stone Soup version 0.31-a0-662-g684573625c (webtiles) character file.

Game seed: 13657201947298172619

231 dialectric the Covert (level 5, -1/26 HPs)
             Began as a Spriggan Brigand on Sept 1, 2023.
             Slain by Grinder (5 damage)
             ... on level 3 of the Dungeon.
             The game lasted 00:03:55 (2786 turns).

dialectric the Covert (Spriggan Brigand)            Turns: 2786, Time: 00:03:56

Health: -1/26      AC:  3    Str:  7    XL:     5   Next: 72%
Magic:  15/15      EV: 18    Int: 12    God:
Gold:   171        SH:  0    Dex: 19    Spells: 4/4 levels left

rFire   . . .        q - +3 dagger (freeze)
rCold   . . .        (no shield)
rNeg    . . .        b - +0 robe
rPois   .            (helmet restricted)
rElec   .            c - +0 cloak
rCorr   .            (gloves unavailable)
SInv    +            (boots unavailable)
Will    .....        (no amulet)
Stlth   ++++         n - ring of magical power
HPRegen 0.24/turn    (no ring)
MPRegen 0.14/turn

%: no passive effects
@: very quick
A: very small, no large weapons, unfitting armour, see invisible, speed 3
a: no special abilities


You were on level 3 of the Dungeon.
You visited 1 branch of the dungeon, and saw 5 of its levels.

You collected 171 gold pieces.

Inventory:

Hand Weapons
 a - a +2 dagger
 q - a +3 dagger of freezing (weapon)
Missiles
 d - 11 poisoned darts (quivered)
 r - 2 curare-tipped darts
Armour
 b - a +0 robe (worn)
 c - a +0 cloak (worn)
Jewellery
 n - a ring of magical power (left hand)
Wands
 e - a wand of roots (5)
Scrolls
 h - 2 scrolls of identify {unknown}
 i - a scroll of silence {unknown}
 o - a scroll of revelation {unknown}
Potions
 f - 2 potions of heal wounds
 g - 3 potions of attraction {unknown}
 j - a potion of might {unknown}
 k - 2 potions of mutation {unknown}
 l - a potion of degeneration {unknown}
 m - a potion of curing {unknown}
 p - a potion of enlightenment {unknown}


   Skills:
 - Level 2.2 Fighting
 + Level 3.9 Short Blades
 - Level 2.2 Throwing
 + Level 3.1 Dodging
 + Level 8.3 Stealth


You had 4 spell levels left.
You didn't know any spells.
Your spell library contained the following spells:

 Spells                   Type           Power      Damage    Failure   Level
 Sting                    Tmut/Pois      0%         1d3       32%         1
 Poisonous Vapours        Pois/Air       0%         N/A       45%         2
 Scorch                   Fire           0%         2d5       45%         2
 Flame Wave               Conj/Fire      0%         2d4       97%         4
 Olgreb's Toxic Radiance  Pois           0%         N/A       97%         4
 Summon Cactus Giant      Summ           0%         N/A       100%        6


Dungeon Overview and Level Annotations

Branches:
Dungeon (5/15)
 Temple: D:4-7

Altars:
Gozag
Ru
Uskayaw

Annotations:
D:3 Grinder


Innate Abilities, Weirdness & Mutations

You are very small and have problems with some larger weapons.
You are too small for most types of armour.
You have supernaturally acute eyesight. (SInv)
You cover ground extremely quickly. (Speed+++)


Message History

Grinder completely misses you. Grinder hits you.
You can move again.
You hit Grinder.
Grinder is almost dead.
Grinder gestures at you. Pain shoots through your body!
You completely miss Grinder.
Grinder is almost dead.
You hit Grinder but do no damage.
Grinder is almost dead.
Grinder gestures at you. You resist with some effort.
You closely miss Grinder.
Grinder is severely wounded.
Grinder closely misses you.
Unknown command.
You hit Grinder.
Grinder is almost dead.
Grinder hits you.
You writhe in agony.
You hit Grinder but do no damage.
Grinder is almost dead.
Grinder completely misses you.
Unknown command.
You barely miss Grinder.
Grinder is almost dead.
You hit Grinder.
Grinder is almost dead.
Grinder misses you.
You completely miss Grinder.
Grinder is almost dead.
Grinder gestures at you. Pain shoots through your body!
* * * LOW HITPOINT WARNING * * *
Unknown command.
You hit Grinder but do no damage.
Grinder is almost dead.
Grinder hits you.
You die...
Grinder says, "Now the real fun starts!"

#..#######.# #.#
##...##.....#
##.###########
#...........#
#.......))[...
#...........#
#..###########
#..#######..# #..######
#..#######..# #.......#
#.......##..###.#####.#
#.......##.5.##.#####.#
#.####..##.@..........#
#....#..##..###.####..#
#.._.#..##......# #.)#
#....#......#.### #..#
#...........#.# #..#
########......# #..#
######## #..# #..######
#........


You could see Grinder.

Vanquished Creatures
  An orc wizard (D:3)
  Robin (D:3)
  7 adders
  4 gnolls
  3 worms
  6 orcs (D:3)
  5 bats
  8 endoplasms
  5 giant cockroaches
  6 hobgoblins
  7 kobolds
  4 quokkas
  4 ball pythons
  4 frilled lizards
  8 goblins
  6 rats
79 creatures vanquished.

Notes
Turn   | Place    | Note
-------+----------+-------------------------------------------
     0 | D:1      | dialectric the Spriggan Brigand began the quest for the
                  | Orb.
     0 | D:1      | Reached XP level 1. HP: 10/10 MP: 2/2
    53 | D:1      | Reached skill level 6 in Stealth
    61 | D:1      | Reached XP level 2. HP: 14/14 MP: 3/3
   889 | D:2      | Reached XP level 3. HP: 18/18 MP: 4/4
   909 | D:2      | Reached skill level 7 in Stealth
  1210 | D:2      | Found a sacrificial altar of Ru.
  1215 | D:2      | Reached XP level 4. HP: 21/23 MP: 5/5
  2142 | D:4      | Found a hide-covered altar of Uskayaw.
  2269 | D:5      | Entered Level 5 of the Dungeon
  2380 | D:3      | Reached XP level 5. HP: 26/26 MP: 6/6
  2489 | D:3      | Reached skill level 8 in Stealth
  2554 | D:3      | Noticed Robin
  2588 | D:3      | Killed Robin
  2729 | D:3      | Found an opulent altar of Gozag.
  2746 | D:3      | Noticed Grinder
  2774 | D:3      | Paralysed by Grinder for 2 turns
  2786 | D:3      | Slain by Grinder

Illustrated notes

Levels and vault maps discovered:
D:1:      minmay_arrival_loop, layout_basic, chequers_big_river,
          chequers_serial_rivers_micro_a, minmay_surrounded
D:2:      layout_basic, basic_altar, corexii_corridor_pit, st_stairs_2,
          grunt_decor_mini_mirrors
D:3:      layout_loops_ring, mainiacjoe_overflow_chevrons, serial_shops,
          nicolae_shop_back_alley_shop, minmay_misc_feat_nine_boxes,
          uniq_grinder, uniq_robin
D:4:      layout_loops_corners, nicolae_uskayaw_dance_hall
D:5:      layout_loops_corners, amcnicky_altar_gilded, minmay_temple_entry_tees,
          uniq_sigmund

Skill      XL: |  1  2  3  4  5 |
---------------+----------------+-----
Stealth        | 6 7 8 |  8.3
Fighting       | 2 |  2.2
Short Blades   | 3 |  3.9
Dodging        | 2 3 |  3.1
Throwing       | |  2.2

Action                     |  1- 3 |  4- 6 || total
---------------------------+-------+-------++-------
  Melee: Dagger            |   100 |   183 ||   283
         Punch             |     1 |     2 ||     3
  Throw: Dart              |     4 |    19 ||    23
  Evoke: Wand              |       |     2 ||     2
    Use: Potion            |       |     2 ||     2
   Stab: Sleeping          |    10 |    10 ||    20
         Distracted        |       |     2 ||     2
 Armour: Robe              |    24 |    48 ||    72
  Dodge: Dodged            |    65 |   105 ||   170

Table legend: (Time is in decaauts)
 A = Elapsed time spent in this place.
 B = Non-inter-level travel time spent in this place.
 C = Inter-level travel time spent in this place.
 D = Time resting spent in this place.
 E = Time spent auto-exploring this place.
 F = Levels seen in this place.
 G = Mean time per level.
                   A        B        C        D        E       F      G
               +--------+--------+--------+--------+--------+-----+--------+
         Total |   1959 |   1887 |     72 |    120 |   1196 |   5 |  391.8 |
       Dungeon |   1959 |   1887 |     72 |    120 |   1196 |   5 |  391.8 |
               +--------+--------+--------+--------+--------+-----+--------+

Top non-repeatable levels by time:
     D:2: 620 daAuts
     D:1: 581 daAuts
     D:3: 535 daAuts
     D:4: 216 daAuts
     D:5: 6 daAuts
